 Dungeon Crawl Stone Soup version 0.29-a0-334-gb41bcbb86e (webtiles) character file.

Game seed: 3175688912635966766

42 Strat the Scratcher (level 3, 0/15 (17) HPs)
             Began as a Felid Fighter on Apr 13, 2022.
             Slain by an adder (2 damage)
             ... on level 3 of the Dungeon.
             The game lasted 00:03:45 (3174 turns).

Strat the Scratcher (Felid Fighter)                 Turns: 3174, Time: 00:03:46

HP:   0/15 (17)     AC:  1    Str: 12    XL:     3   Next: 33%
MP:   4/4           EV: 19    Int:  9    God:
Gold: 143           SH:  0    Dex: 17    Spells: 2/2 levels left
                                        Lives: 0   Deaths: 1

rFire   . . .      SeeInvis +     - Unarmed
rCold   . . .      Faith    .   (shield unavailable)
rNeg    . . .      Spirit   .   (body armour unavailable)
rPois   .          Reflect  .   (helmet unavailable)
rElec   .          Harm     .   (cloak unavailable)
rCorr   .          Rampage  .   (gloves unavailable)
Will    .....                   (boots unavailable)
Stlth   ++........              (no amulet)
HPRegen 0.05/turn               (no ring)
MPRegen 0.09/turn               (no ring)

@: heavily drained, quick
A: very small, claws 1, fangs 3, see invisible, speed 1, shaggy fur 1, stealthy
paws, no weapons or thrown items, no armour, multi-lived
a: no special abilities


You were on level 3 of the Dungeon.
You visited 1 branch of the dungeon, and saw 3 of its levels.

You collected 143 gold pieces.

Inventory:

Scrolls
 b - a scroll of identify
Potions
 a - 2 potions of might
 c - a potion of mutation {unknown}
 e - a potion of magic {unknown}
 g - a potion of haste {unknown}
 h - a potion of curing {unknown}
 j - a potion of lignification {unknown}
 k - a potion of attraction {unknown}


   Skills:
 + Level 3.5 Fighting
 + Level 4.7 Dodging
 + Level 1.7 Stealth
 * Level 4.9 Unarmed Combat


You had 2 spell levels left.
You didn't know any spells.
Your spell library contained the following spells:

 Spells                   Type           Power      Damage    Failure   Level
 Beastly Appendage        Tmut           0%         N/A       38%         1
 Static Discharge         Conj/Air       0%         N/A       52%         2
 Wereblood                Tmut           0%         N/A       52%         2
 Spider Form              Tmut/Pois      0%         N/A       77%         3
 Lightning Bolt           Conj/Air       0%         1d11      100%        5
 Maxwell's Capacitive Co  Air            0%         ∞         100%        8


Dungeon Overview and Level Annotations

Branches:
Dungeon (3/15)

Altars:
Ashenzari


Innate Abilities, Weirdness & Mutations

You have sharp claws.
You have razor-sharp teeth.
You have supernaturally acute eyesight. (SInv)
You cover ground quickly. (Speed+)
You are covered in fur. (AC +1)
Your paws help you pounce on unaware monsters.
You are incapable of wielding weapons or throwing items.
You cannot wear armour.
You gain extra lives every three experience levels.


Message History

a - 2 potions of might (gained 1)
An orc comes into view. It is wielding a +0 club.
The orc shouts!
Found a leather armour.
The orc barely misses you.
You closely miss the orc. Your bite misses the orc. The orc closely misses you.
You closely miss the orc.
The orc shouts!
You claw the orc, but do no damage.
You hear an angry hiss.
An adder comes into view.
The orc completely misses you.
The adder hisses angrily.
You scratch the orc. You bite the orc, but do no damage.
The orc is moderately wounded.
The orc hits you with a +0 club.
You scratch the orc.
The orc is heavily wounded.
The orc barely misses you.
You scratch the orc but do no damage. Your bite misses the orc.
The orc is heavily wounded.
The orc closely misses you.
You scratch the orc.
You kill the orc!
The orc hits you with a +3 mace of draining!
* * * LOW HITPOINT WARNING * * *
You feel drained.
* * * LOW HITPOINT WARNING * * *
You are too injured to fight recklessly!
You are too injured to fight recklessly!
You are too injured to fight recklessly!
You are too injured to fight recklessly!
You closely miss the orc. The orc barely misses you.
You claw the orc!
You kill the orc!
The adder misses you. The adder misses you.
Things that are here:
a +3 mace of draining; a +0 leather armour The adder completely misses you.
The adder bites you.
You die...

*,*,,,,,,,,,*,,*******,,,,....
*,*,*,*,*,*,#....,,,,,,,,,,...
*,*,,,,,,,,,#...,,,,,,,,,,,*,#
*,***,***,**#...,,,,>,,,,,,**#
*,*,,,,,,,,,#..,,,,,,,.#...# #
*,,,,,,,,,,,...,,,,<,,.#...###
************#'#******#.#......
#.# #.#...#.# ****#######@#
######.#...#.# *,,,..[...S)#
#.............
****#######.###.....##...#.#
*................'..†.#.#
*.######)##......##...#.# #.*
#.##............[. #.#
####.##.########..#.# #.#
#.................... #.#
#.#......#######..#.#


You could see an adder.

Vanquished Creatures
  A gnoll (D:1)
  An adder (D:2)
  A worm (D:2)
  A dart slug (D:1)
  3 orcs (D:3)
  4 bats
  5 endoplasms
  3 giant cockroaches
  4 hobgoblins
  4 jackals (D:2)
  3 quokkas
  6 ball pythons
  3 frilled lizards
  5 goblins
  5 kobolds
  8 rats
57 creatures vanquished.

Notes
Turn   | Place    | Note
-------+----------+-------------------------------------------
     0 | D:1      | Strat the Felid Fighter began the quest for the Orb.
     0 | D:1      | Reached XP level 1. HP: 10/10 MP: 2/2
   516 | D:1      | Reached XP level 2. HP: 3/14 MP: 3/3
  1322 | D:1      | Reached XP level 3. HP: 13/17 MP: 4/4
  1682 | D:2      | Reached skill level 1 in Stealth
  2372 | D:3      | Reached XP level 4. HP: 12/21 MP: 5/5
  3080 | D:3      | Found a broken altar of Ashenzari.
  3121 | D:3      | Killed from afar by an orc priest
  3122 | D:3      | Reached XP level 3. HP: -2/17 MP: 4/4
  3174 | D:3      | Slain by an adder

Illustrated notes

Levels and vault maps discovered:
D:1:      giann_horns, layout_loops_ring, chequers_serial_rivers_room_a
D:2:      layout_loops_ring, moated_statue
D:3:      layout_basic, mainiacjoe_overflow_24_doors,
          mainiacjoe_overflow_divided_tiny,
          shapermc_ecumenical_altar_mp_urbaneastern, uniq_crazy_yiuf_cottage

Skill      XL: |  1  2  3 |
---------------+----------+-----
Stealth        | 1 |  1.7
Fighting       | |  3.5
Dodging        | |  4.7
Unarmed Combat | |  4.9

Action                   |  1- 3 |  4- 6 || total
-------------------------+-------+-------++-------
Melee: Unarmed           |   110 |    22 ||   132
       Bite              |     6 |     2 ||     8
       Punch             |     1 |     1 ||     2
  Use: Scroll            |       |     4 ||     4
 Stab: Sleeping          |     5 |     1 ||     6
Armor: Skin              |     4 |     2 ||     6
Dodge: Dodged            |    72 |    27 ||    99

Table legend: (Time is in decaauts)
 A = Elapsed time spent in this place.
 B = Non-inter-level travel time spent in this place.
 C = Inter-level travel time spent in this place.
 D = Time resting spent in this place.
 E = Time spent auto-exploring this place.
 F = Levels seen in this place.
 G = Mean time per level.
                   A        B        C        D        E       F      G
               +--------+--------+--------+--------+--------+-----+--------+
         Total |   2813 |   2799 |     14 |    696 |   1652 |   3 |  937.7 |
       Dungeon |   2813 |   2799 |     14 |    696 |   1652 |   3 |  937.7 |
               +--------+--------+--------+--------+--------+-----+--------+

Top non-repeatable levels by time:
     D:1: 1468 daAuts
     D:3: 733 daAuts
     D:2: 611 daAuts
